 Dungeon Crawl Stone Soup version 0.30-a0-390-g80c34de65d (webtiles) character file.

Game seed: 14686147745662737898

86 voltaire321 the Stinger (level 4, -3/28 HPs)
             Began as an Octopode Venom Mage on Dec 5, 2022.
             Slain by a black bear (11 damage)
             ... on level 3 of the Dungeon.
             The game lasted 00:06:25 (1789 turns).

voltaire321 the Stinger (Octopode Venom Mage)       Turns: 1789, Time: 00:06:25

Health: -3/28      AC:  1    Str:  7    XL:     4   Next: 49%
Magic:  3/7        EV: 17    Int: 19    God:
Gold:   138        SH:  0    Dex: 12    Spells: 3/8 levels left

rFire   . . .      SeeInvis .    f - +0 dagger
rCold   + . .      Faith    .    (no shield)
rNeg    . . .      Spirit   .    (helmet restricted)
rPois   .          Reflect  .    d - amulet of the acrobat
rElec   .          Harm     .    g - ring of protection from cold
rCorr   .          Rampage  .    h - +4 ring of evasion
Will    .....                    (no ring)
Stlth   +++.......               (no ring)
HPRegen 0.24/turn                (no ring)
MPRegen 0.10/turn                (no ring)
                                 (no ring)
                                 (no ring)

@: no status effects
A: almost no armour, amphibious, 8 rings, camouflage 1, gelatinous body 1,
(nimble swimmer 1), tentacles
a: no special abilities


You were on level 3 of the Dungeon.
You visited 1 branch of the dungeon, and saw 3 of its levels.

You collected 138 gold pieces.

Inventory:

Hand Weapons
 f - a +0 dagger (weapon)
Jewellery
 d - an amulet of the acrobat (around mantle)
 g - a ring of protection from cold (left tentacle)
 h - a +4 ring of evasion (right tentacle)
Scrolls
 b - 3 scrolls of teleportation {unknown}
 j - a scroll of blinking {unknown}
 k - a scroll of identify {unknown}
 m - a scroll of poison {unknown}
Potions
 a - a potion of magic
 c - 3 potions of curing {unknown}
 e - a potion of invisibility {unknown}
 i - a potion of mutation {unknown}
 l - a potion of haste {unknown}


   Skills:
 + Level 1.5 Fighting
 + Level 2.5 Dodging
 + Level 3.5 Stealth
 + Level 2.5 Spellcasting
 + Level 1.6 Transmutations
 + Level 4.1 Poison Magic


You had 3 spell levels left.
You knew the following spells:

 Your Spells              Type           Power      Damage    Failure   Level
a - Sting                 Tmut/Pois      52%        1d5       4%          1
b - Olgreb's Toxic Radia  Pois           18%        N/A       28%         4

Your spell library contained the following spells:

 Spells                   Type           Power      Damage    Failure   Level
 Poisonous Vapours        Pois/Air       20%        N/A       11%         2
 Mephitic Cloud           Conj/Pois/Air  7%         N/A       26%         3
 Chain Lightning          Conj/Air       1%         3d1       100%        9
 Fire Storm               Conj/Fire      1%         7d1       100%        9
 Shatter                  Erth           1%         3d5*      100%        9


Dungeon Overview and Level Annotations

Branches:
Dungeon (3/15)

Altars:
Ashenzari

Shops:
D:3 *


Innate Abilities, Weirdness & Mutations

You cannot wear most types of armour.
You are amphibious.
You can wear up to eight rings at the same time.
Your skin changes colour to match your surroundings (Stealth+).
Your rubbery body absorbs attacks. (AC +1, EV +1)
((You are camouflaged when in or above water. (Stealth+)))
You have tentacles for arms and can constrict up to eight enemies at once.


Message History

Aim: a black bear (lightly wounded, poisoned, 79% to hit)
The sting hits the black bear but does no damage.
The black bear looks even sicker.
The black bear is lightly wounded.
The black bear closely misses you. The black bear barely misses you.
The black bear completely misses you.
Casting: Sting (safe; 4% risk of failure)
Confirm with . or Enter, or press ? or * to list all spells.
Aiming: Sting (safe; 4% risk of failure)
Press: ? - help, Shift-Dir - straight line, f/p - black bear
Aim: a black bear (moderately wounded, very poisoned, 79% to hit)
The sting hits the black bear.
The black bear looks even sicker.
The black bear is moderately wounded.
The black bear bites you. The black bear closely misses you.
The black bear misses you.
You hit the black bear but do no damage.
You grab the black bear. Your squeeze misses the black bear.
The black bear is moderately wounded.
You constrict the black bear. The black bear barely misses you.
The black bear claws you. x2
You hit the black bear. You squeeze the black bear!
The black bear is severely wounded.
You constrict the black bear.
The black bear goes berserk!
You hit the black bear.
The black bear is almost dead.
You constrict the black bear. The black bear closely misses you.
The black bear misses you. The black bear barely misses you.
You hit the black bear but do no damage.
You squeeze the black bear, but do no damage.
The black bear is almost dead.
You constrict the black bear, but do no damage.
The black bear barely misses you. The black bear claws you. x2
The black bear closely misses you. The black bear claws you.
* * * LOW HITPOINT WARNING * * *
The black bear closely misses you.
You hit the black bear but do no damage.
You squeeze the black bear, but do no damage.
The black bear is almost dead.
You constrict the black bear. The black bear bites you!
You die...

### #.# #######.#
#.......###
#.#####...#
#......@#.#
#######h#.#
#.#.#########
#.#.##......#
#+#### ###
####.#.##......##
.....# #..
..##.#..'....~.~##
.....# #.#
#.##.####...≈~.≈≈#
.....# #.#
#.##........≈≈∩~≈#
#'#### #.#
#.######.#+#≈≈≈≈≈#


You could see a black bear (berserk, very poisoned).

Vanquished Creatures
  3 gnolls (D:2)
  A worm (D:3)
  4 dart slugs
  3 orcs (D:3)
  5 ball pythons
  4 endoplasms
  4 goblins
  2 hobgoblins
  A quokka (D:1)
  3 bats
  2 frilled lizards (D:2)
  8 kobolds
  2 rats (D:1)
42 creatures vanquished.

Notes
Turn   | Place    | Note
-------+----------+-------------------------------------------
     0 | D:1      | voltaire321 the Octopode Venom Mage began the quest for the
                  | Orb.
     0 | D:1      | Reached XP level 1. HP: 11/11 MP: 3/3
   213 | D:1      | Reached XP level 2. HP: 18/18 MP: 3/5
   297 | D:1      | Reached skill level 1 in Fighting
   954 | D:2      | Reached XP level 3. HP: 23/23 MP: 4/6
  1434 | D:2      | Reached skill level 4 in Poison Magic
  1441 | D:2      | Reached XP level 4. HP: 13/28 MP: 4/7
  1551 | D:2      | Learned a level 4 spell: Olgreb's Toxic Radiance
  1686 | D:3      | Found a broken altar of Ashenzari.
  1752 | D:3      | Found Kulosu Zegu's General Store.
  1777 | D:3      | Noticed a black bear
  1789 | D:3      | Slain by a black bear

Illustrated notes

Levels and vault maps discovered:
D:1:      eino_arrival_tree_alley, layout_basic, serial_glass, glass_columns_b,
          glass_columns_c, st_stairs_3, minmay_heptomino_l4
D:2:      layout_rooms, nicolae_grassy_gnolls
D:3:      layout_basic, cheibrodos_ashenzari_chains, serial_shops,
          nicolae_shop_waterfront

Skill      XL: |  1  2  3 |
---------------+----------+-----
Stealth        | 3 |  3.5
Fighting       | 1 |  1.5
Poison Magic   | 4 |  4.1
Dodging        | |  2.5
Spellcasting   | |  2.5
Transmutations | |  1.6

Action                   |  1- 3 |  4- 6 || total
-------------------------+-------+-------++-------
Melee: Unarmed           |    15 |       ||    15
       Tentacles         |    11 |     5 ||    16
       Constrict         |    11 |     5 ||    16
       Dagger            |    35 |    18 ||    53
       Punch             |     1 |       ||     1
 Cast: Sting             |    34 |    14 ||    48
 Stab: Sleeping          |     3 |       ||     3
Armor: Skin              |     5 |       ||     5
Dodge: Dodged            |    45 |    18 ||    63

Table legend: (Time is in decaauts)
 A = Elapsed time spent in this place.
 B = Non-inter-level travel time spent in this place.
 C = Inter-level travel time spent in this place.
 D = Time resting spent in this place.
 E = Time spent auto-exploring this place.
 F = Levels seen in this place.
 G = Mean time per level.
                   A        B        C        D        E       F      G
               +--------+--------+--------+--------+--------+-----+--------+
         Total |   1786 |   1771 |     15 |    198 |   1160 |   3 |  595.3 |
       Dungeon |   1786 |   1771 |     15 |    198 |   1160 |   3 |  595.3 |
               +--------+--------+--------+--------+--------+-----+--------+

Top non-repeatable levels by time:
     D:1: 946 daAuts
     D:2: 679 daAuts
     D:3: 160 daAuts
